 Dungeon Crawl Stone Soup version 0.20-a0-507-gc86f373 (webtiles) character file.

7101 HarryHood the Nimble (level 10, -1/136 HPs)
             Began as a Minotaur Berserker on Jan 21, 2017.
             Was a High Priest of Trog.
             Slain by a death yak (3 damage)
             ... on level 8 of the Dungeon.
             The game lasted 00:30:41 (8588 turns).

HarryHood the Nimble (Minotaur Berserker)           Turns: 8588, Time: 00:30:42

Health: -1/136     AC: 25    Str: 23    XL:     10   Next: 84%
Magic:  9/9        EV:  2    Int:  4    God:    Trog [*****.]
Gold:   1411       SH: 10    Dex: 12    Spells: 9/9 levels left

rFire    . . .     SeeInvis .   x - +0 morningstar
rCold    . . .     Gourm    .   (armour currently unavailable)
rNeg     + + +     Faith    .   q - +0 shield
rPois    +         Spirit   .   (helmet currently unavailable)
rElec    .         Reflect  .   (cloak currently unavailable)
rCorr    .         Harm     .   (gloves currently unavailable)
MR       .....     NoTele   +   (boots currently unavailable)
Stlth    ++........             (no amulet)
Regen    0.4/turn               u - ring of stealth
                                A - +5 ring of evasion

@: exhausted, tree-form (expiring), slowed, very slow
A: (retaliatory headbutt), (horns 0)
a: Berserk, Trog's Hand, Brothers in Arms, Burn Spellbooks, Renounce Religion


You were on level 8 of the Dungeon.
You worshipped Trog.
Trog was extremely pleased with you.
You were very hungry.
You were a tree.
You visited 2 branches of the dungeon, and saw 9 of its levels.
You also visited: Sewer and Bailey.

You collected 1465 gold pieces.
You spent 54 gold pieces at shops.

Inventory:

Hand Weapons
 x - a +0 morningstar (weapon)
Armour
 g - a +0 plate armour (melded)
 o - a +0 pair of boots (melded)
 q - a +0 shield (worn)
 y - a +0 cloak (melded)
 D - a +3 chain mail
 E - a cursed +0 scale mail
Jewellery
 u - a ring of stealth (right branch)
 A - a +5 ring of evasion (left branch)
Wands
 v - a wand of disintegration (6/24)
Scrolls
 i - 5 scrolls of teleportation {@r0}
 p - 2 scrolls of recharging
 t - 3 scrolls of remove curse {@r2}
 B - 2 scrolls of immolation {!r}
 C - a scroll of magic mapping
Potions
 b - 4 potions of curing {@q2}
 d - 2 potions of cure mutation
 e - 2 potions of haste
 h - 3 potions of might
 k - a potion of lignification {!q}
 l - a potion of agility {unknown}
 m - a potion of flight {unknown}
 r - 2 potions of invisibility {unknown}
 s - a potion of heal wounds {unknown}
 w - a potion of magic {unknown}
 z - a potion of brilliance {unknown}
 F - a potion of ambrosia {unknown}
Comestibles
 a - 3 chunks of flesh
 c - 6 bread rations {@e1}
 f - 7 fruits {@e2}
 j - 7 meat rations {@e1}
 n - 3 royal jellies {=g@e3}


   Skills:
 * Level 9.1 Fighting
 - Level 9.1 Maces & Flails
 - Level 9.9 Armour
 - Level 11.2 Dodging
 + Level 4.5 Shields


You had 9 spell levels left.
You didn't know any spells.

Dungeon Overview and Level Annotations

Branches:
Dungeon (8/15)             Temple (1/1) D:5
   Lair: D:8-11

Altars:
Yredelemnul

Shops:
D:4 [   D:5 [   D:6 *

Annotations:
D:7 Joseph


Innate Abilities, Weirdness & Mutations

((You reflexively headbutt those who attack you in melee.))
((You have a pair of horns on your head.))


Message History

The death yak gores you!
* * * LOW HITPOINT WARNING * * *
You sock the death yak!
The death yak is severely wounded.
You block the death yak's attack.
The death yak gores you but does no damage.
You hit the death yak but do no damage.
The death yak is severely wounded.
The death yak gores you.
* * * LOW HITPOINT WARNING * * *
You hit the death yak.
The death yak is severely wounded.
The death yak gores you!
* * * LOW HITPOINT WARNING * * *
The death yak gores you but does no damage.
You thump the death yak!
The death yak is severely wounded.
Your transformation is almost over.
The death yak gores you.
You die...

......... #.# ...Y..r.# #.#
#Y# #.# #r# #[# #.#####.##
#.# .........# ######.#
####.#...# # .........
#.#...#######.###.#######..
##......rrY♣.......# ###
#........Z##########
####.........#
.............#
...####...#### ### #...#
#...# ##..# #..# ##########


You could see a death yak, an adder zombie and 2 quokkas.

Vanquished Creatures
  2 death yaks (D:8)
  2 two-headed ogres (D:8)
  A troll (D:5)
  Prince Ribbit (D:6)
  A human (D:2)
  The ghost of droogie the Insei, an amateur OpTm (D:3)
  Menkaure (D:7)
  2 water moccasins (D:6)
  A porcupine (D:8)
  2 orc warriors
  2 ice beasts
  3 ogres
  2 bullfrogs (Sewer)
  8 gnoll sergeants (Bailey)
  A scorpion (D:6)
  5 wights (D:6)
  4 howler monkeys
  3 crimson imps
  3 orc priests
  A bullfrog zombie (D:6)
  A jelly (D:7)
  6 gnoll shamans (Bailey)
  7 hounds
  7 orc wizards
  2 iguanas
  2 centaur skeletons
  Natasha (thrice) (D:2)
  6 worker ants
  3 hound skeletons
  2 worker ant zombies
  18 gnolls
  9 adders
  2 river rats (D:8)
  A shadow imp (D:7)
  2 oozes
  2 adder skeletons
  An adder zombie (D:5)
  2 worms
  3 dart slugs
  4 leopard geckos
  16 orcs
  2 ball pythons
  16 giant cockroaches
  6 goblins
  10 hobgoblins
  9 jackals (D:3)
  3 quokkas
  9 bats
  8 frilled lizards
  A jackal zombie (D:2)
  3 kobolds
  A quokka skeleton (D:5)
  8 rats
221 creatures vanquished.

Notes
Turn   | Place    | Note
-------+----------+-------------------------------------------
     0 | D:1      | HarryHood the Minotaur Berserker began the quest for the Orb.
     0 | D:1      | Reached XP level 1. HP: 19/19 MP: 0/0
   119 | D:1      | Reached skill level 4 in Fighting
   201 | D:1      | Reached XP level 2. HP: 22/28 MP: 1/1
   444 | D:1      | Reached skill level 5 in Fighting
   444 | D:1      | Reached XP level 3. HP: 32/36 MP: 2/2
   653 | D:1      | Reached ** piety under Trog
   812 | D:2      | Found a runed door.
   812 | D:2      | Noticed a human
   813 | D:2      | Found a basalt altar of Yredelemnul.
   826 | D:2      | Noticed Natasha
   832 | D:2      | Killed Natasha
   832 | D:2      | Reached XP level 4. HP: 32/44 MP: 3/3
   858 | D:2      | Killed a human
   858 | D:2      | Reached skill level 7 in Fighting
   858 | D:2      | Reached XP level 5. HP: 22/52 MP: 4/4
  1395 | D:2      | Noticed Natasha
  1399 | D:2      | Killed Natasha
  1399 | D:2      | Reached skill level 4 in Maces & Flails
  1540 | D:2      | Noticed Natasha
  1544 | D:2      | Killed Natasha
  1544 | D:2      | Reached XP level 6. HP: 51/60 MP: 5/5
  1809 | D:3      | Found a glowing drain.
  1835 | D:3      | Reached skill level 5 in Maces & Flails
  1852 | Sewer    | Entered a sewer
  1870 | Sewer    | Reached *** piety under Trog
  2052 | Sewer    | Reached skill level 6 in Maces & Flails
  2672 | D:3      | Noticed droogie's ghost (amateur OpTm)
  2684 | D:3      | Killed droogie's ghost
  2684 | D:3      | Reached skill level 4 in Armour
  2684 | D:3      | Reached XP level 7. HP: 66/66 MP: 6/6
  2896 | D:4      | Reached skill level 5 in Armour
  3176 | D:4      | Reached skill level 6 in Armour
  3400 | D:4      | Found Awunkop's Armour Shop.
  3523 | D:5      | Entered Level 5 of the Dungeon
  3525 | D:5      | Noticed a troll
  3535 | D:5      | Killed a troll
  3535 | D:5      | Reached skill level 4 in Dodging
  3535 | D:5      | Reached XP level 8. HP: 36/73 MP: 7/7
  3787 | D:5      | Reached **** piety under Trog
  3794 | D:5      | Reached skill level 5 in Dodging
  4036 | D:5      | Found Pujap's Armour Emporium.
  4045 | D:5      | Bought a +0 cloak for 54 gold pieces
  4346 | D:5      | Found a staircase to the Ecumenical Temple.
  4355 | Temple   | Entered the Ecumenical Temple
  4486 | D:6      | Reached skill level 7 in Dodging
  4516 | D:6      | Reached skill level 8 in Fighting
  4916 | D:6      | Reached skill level 9 in Fighting
  4946 | D:6      | Noticed Prince Ribbit
  4950 | D:6      | Killed Prince Ribbit
  4950 | D:6      | Reached skill level 7 in Maces & Flails
  4950 | D:6      | Reached XP level 9. HP: 47/83 MP: 8/8
  5200 | D:6      | Reached skill level 8 in Maces & Flails
  5466 | D:6      | Found Bobe's Serpentskin Sales.
  5483 | D:6      | Reached skill level 9 in Maces & Flails
  5823 | D:7      | Reached skill level 7 in Armour
  5831 | D:7      | Noticed Menkaure
  5847 | D:7      | Killed Menkaure
  6006 | D:7      | Found a flagged portal.
  6050 | D:7      | Received a gift from Trog
  6055 | D:7      | Reached skill level 8 in Armour
  6102 | Bailey   | Entered a bailey
  6189 | Bailey   | Reached skill level 9 in Armour
  6488 | Bailey   | Reached ***** piety under Trog
  6818 | Bailey   | Got a bound brass ring
  7175 | D:7      | Identified the cursed ring "Moph" {rF+ rC- EV-2 Dex+3} (You took it off a gnoll shaman in a bailey)
  7229 | D:7      | Reached XP level 10. HP: 34/91 MP: 9/9
  7602 | D:7      | Noticed Joseph
  7614 | D:7      | Reached skill level 8 in Dodging
  8021 | D:8      | Noticed a two-headed ogre
  8031 | D:8      | Killed a two-headed ogre
  8031 | D:8      | Reached skill level 9 in Dodging
  8056 | D:8      | Noticed a two-headed ogre
  8071 | D:8      | Killed a two-headed ogre
  8071 | D:8      | Reached skill level 10 in Dodging
  8071 | D:8      | Reached skill level 2 in Shields
  8531 | D:8      | Noticed a death yak
  8550 | D:8      | Noticed a death yak
  8552 | D:8      | Noticed a death yak
  8560 | D:8      | Killed a death yak
  8560 | D:8      | Reached skill level 3 in Shields
  8572 | D:8      | Killed a death yak
  8572 | D:8      | Reached skill level 11 in Dodging
  8572 | D:8      | Reached skill level 4 in Shields
  8586 | D:8      | HP: 11/136 [death yak (6)]
  8587 | D:8      | HP: 1/136 [death yak (10)]
  8588 | D:8      | Slain by a death yak

Vault maps used:
D:1:      dpeg_arrival_subterranean_lakeside_camping, roderic_serpentine_path
D:2:      dk_yredelemnul_ordeal, uniq_natasha
D:3:      gup_sewer_entry_glass
D:4:      serial_shops, shop, kennysheep_decorative_pillar
D:5:      first_bread, serial_shops, nicolae_shop_trees, serial_bayou,
          serial_bayou_shore_a, serial_bayou_ford_a, serial_bayou_pond_d,
          serial_bayou_shore_b, serial_bayou_pond_c
D:6:      guppyfry_shop_venom, uniq_prince_ribbit1
D:7:      enter_bailey_8, uniq_menkaure, uniq_joseph
D:8:      dpeg_lair_monsters, the_bakery, uniq_erica
Temple:   regret_index_temple_sigil_plot
Sewer:    sewer_frog_island_01
Bailey:   bailey_polearm_gnolls_kennysheep, bailey

Skill      XL: |  1  2  3  4  5  6  7  8  9 10 |
---------------+-------------------------------+-----
Fighting       | 4 5 7 9 |  9.1
Maces & Flails | 4 6 7 9 |  9.1
Armour         | 4 6 9 |  9.9
Dodging        | 4 7 11 | 11.2
Shields        | 4 |  4.5

Action                   |  1- 3 |  4- 6 |  7- 9 | 10-12 || total
-------------------------+-------+-------+-------+-------++-------
Melee: Mace              |    45 |    59 |       |       ||   104
       Headbutt          |     7 |    21 |    87 |    27 ||   142
       Flail             |       |    81 |   153 |       ||   234
       Morningstar       |       |       |   214 |   127 ||   341
Invok: Berserk           |       |     2 |     4 |     2 ||     8
       Trog's Hand       |       |       |     2 |     1 ||     3
  Use: Scroll            |     3 |     3 |     8 |       ||    14
       Potion            |       |       |       |     1 ||     1
  Eat: Chunk             |       |     7 |    14 |     6 ||    27
       Fruit             |       |       |     2 |       ||     2
       Bread ration      |       |       |     1 |       ||     1
Armor: Animal skin       |     1 |       |       |       ||     1
       Ring mail         |    14 |    60 |    15 |       ||    89
       Scale mail        |       |       |    44 |       ||    44
       Plate armour      |       |       |   166 |    39 ||   205
       Skin              |       |       |       |     7 ||     7
Dodge: Dodged            |    31 |    75 |   170 |    45 ||   321
Block: Shield            |       |     8 |   181 |    42 ||   231
